 Dungeon Crawl Stone Soup version 0.18-a0-79-gb542d04 (webtiles) character file.

84411 Duffy the Carver (level 15, 130/130 HPs)
             Began as a Centaur Gladiator on Nov 12, 2015.
             Was the Champion of Makhleb.
             Quit the game on level 8 of the Lair of Beasts.
             The game lasted 00:58:15 (35668 turns).

Duffy the Carver (Centaur Gladiator)               Turns: 35668, Time: 00:58:15

Health: 130/130    AC: 24    Str: 28    XL:     15   Next: 35%
Magic:  21/21      EV: 19    Int:  8    God:    Makhleb [******]
Gold:   1498       SH:  0    Dex: 15    Spells: 4 memorised, 4 levels left

rFire  . . .     SeeInvis .     a - +1 scimitar (flame)
rCold  . . .     Clarity  +     b - +4 ring mail {rPois}
rNeg   . . .     SustAt   .     (no shield)
rPois  +         Gourm    .     G - +0 helmet
rElec  .         Spirit   .     p - +2 cloak
rCorr  .         Warding  .     y - +2 pair of gloves
rMut   .         Stasis   .     o - +0 centaur barding of the Hills {rPois MR- Str+10}
MR     .....                    X - amulet of clarity
Stlth  +.........               Z - +2 ring of evasion
                                n - +5 ring of evasion

@: very quick, not resistant to hostile enchantments, very unstealthy
A: hooves 3, deformed body, speed 2, tough skin 3
a: Minor Destruction, Lesser Servant of Makhleb, Major Destruction, Greater
Servant of Makhleb, Renounce Religion


You were on level 8 of the Lair of Beasts.
You worshipped Makhleb.
Makhleb was exalted by your worship.
You were not hungry.

You visited 4 branches of the dungeon, and saw 25 of its levels.
You also visited: Sewer.

You collected 1498 gold pieces.


Innate Abilities, Weirdness & Mutations

You have hooves in place of feet.
Armour fits poorly on your strangely shaped body.
You cover ground very quickly.
You have extremely tough skin (AC +3).


   Skills:
 + Level 11.3 Fighting
 - Level 14.0 Long Blades
 - Level 10.4 Throwing
 - Level 8.0 Armour
 - Level 9.0 Dodging
 - Level 6.5 Invocations
 - Level 8.0 Evocations


You had 4 spell levels left.
You knew the following spells:

 Your Spells              Type           Power        Failure   Level  Hunger
a - Apportation           Tloc           #.........   63%         1    ##.....
c - Passage of Golubria   Tloc           N/A          100%        4    #####..
x - Portal Projectile     Tloc           #.....       99%         3    ####...
B - Blink                 Tloc           N/A          85%         2    ###....

Inventory:

Hand Weapons
 a - a +1 scimitar of flaming (weapon)
 c - the +7 Singing Sword
 e - a +0 blowgun
Missiles
 d - 3 throwing nets
 q - 22 javelins (quivered)
 z - 37 poisoned needles
 J - 31 tomahawks
 L - 4 poisoned tomahawks
 S - 8 curare-tipped needles
Armour
 b - a +4 ring mail of poison resistance (worn)
 o - the +0 centaur barding of the Hills (worn) {rPois MR- Str+10}

   It affects your strength (+10).
   It protects you from poison.
   It affects your resistance to hostile enchantments.
 p - a +2 cloak (worn)
 y - a +2 pair of gloves (worn)
 B - a +0 centaur barding
 G - a +0 helmet (worn)
Jewellery
 n - a +5 ring of evasion (left hand)
 t - an uncursed ring of positive energy
 K - an uncursed ring of poison resistance
 M - an uncursed ring of protection from fire
 X - an amulet of clarity (around neck)
 Z - a +2 ring of evasion (right hand)
Wands
 D - a wand of paralysis (1)
 V - a wand of fire (7)
Scrolls
 f - 2 scrolls of blinking
 h - 4 scrolls of magic mapping
 i - 9 scrolls of teleportation
 l - 11 scrolls of remove curse
 v - 3 scrolls of recharging
 x - 2 scrolls of fear
 N - a scroll of holy word
 Q - 3 scrolls of enchant weapon
 U - a scroll of summoning
Potions
 g - 8 potions of curing
 j - 5 potions of might
 k - a potion of cure mutation
 r - a potion of invisibility
 s - 4 potions of haste
 u - 2 potions of heal wounds
 A - a potion of magic
 C - 4 potions of agility
 E - a potion of cancellation
 I - 2 potions of resistance
 T - 2 potions of brilliance
Miscellaneous
 H - a lamp of fire
 O - a fan of gales
Comestibles
 m - 13 bread rations
 w - 11 meat rations
 R - 11 fruits
 W - 8 royal jellies

Dungeon Overview and Level Annotations

Branches:
Dungeon (14/15)            Temple (1/1) D:5            Lair (8/8) D:11
 Shoals (0/4) Lair:3       Spider (0/4) Lair:5        Slime (0/6) Lair:6
    Orc (2/4) D:9          Vaults (0/5) D:13

Altars:
Ashenzari
Cheibriados
Dithmenos
Elyvilon
Fedhas
Kikubaaqudgha
Makhleb
Okawaru
Qazlal
Ru
Sif Muna
Trog
Vehumet
Xom
Yredelemnul
Zin
The Shining One
Jiyva

Annotations:
D:4 Duffy's ghost, novice NaFE
D:5 Grinder
D:13 Duffy's ghost, adept NaFE
Lair:5 Kirke


Message History

You slash the catoblepas! You burn the catoblepas.
Your kick misses the catoblepas.
The catoblepas is heavily wounded.
The catoblepas gores you but does no damage.
You slash the catoblepas! You burn the catoblepas.
You kick the catoblepas, but do no damage.
The catoblepas is severely wounded.
The catoblepas gores you.
You slash the catoblepas! You burn the catoblepas.
You kick the catoblepas, but do no damage.
The catoblepas is almost dead.
You hit the catoblepas but do no damage.
You kick the catoblepas.
The catoblepas is almost dead.
The catoblepas gores you!
You slash the catoblepas! You burn the catoblepas.
You kill the catoblepas!
Makhleb accepts your kill.
You feel better.
No target in view!
m - 13 bread rations (gained 1)
You now have 1498 gold pieces (gained 24).
Found a sack of spiders.
Found a dazzling centaur barding.
You see here a sack of spiders.
You see here a dazzling centaur barding.
o - a dazzling centaur barding Wear which item? (? for menu, Esc to quit)
You start removing your armour.
You continue taking off your +0 centaur barding. x4
You finish taking off your +0 centaur barding.
You start putting on your armour.
You continue putting on your dazzling centaur barding. x5
You finish putting on the +0 centaur barding of the Hills {rPois MR- Str+10}.
Are you sure you want to abandon this character and quit the game? (Confirm with "yes".)

### ###$###
#.$$}@#
##...$##
#######
##....##
#P##.)##
#...###
......P####.##
.#......###.#
###......##.#
# ##...P###.#
###..### #.#


There were no monsters in sight!

Action                   |  1- 3 |  4- 6 |  7- 9 | 10-12 | 13-15 || total
-------------------------+-------+-------+-------+-------+-------++-------
Melee: Long sword        |   106 |   218 |   405 |       |       ||   729
       Falchion          |       |       |    80 |   800 |       ||   880
       Double sword      |       |       |       |    22 |    26 ||    48
       Scimitar          |       |       |       |   260 |  2037 ||  2297
 Fire: Blowgun           |       |     2 |    58 |    33 |       ||    93
Throw: Javelin           |       |       |       |    73 |    22 ||    95
       Tomahawk          |       |       |       |    22 |       ||    22
Invok: Lesser Servant of |       |       |       |     3 |     9 ||    12
Evoke: Wand              |       |       |       |       |     5 ||     5
  Use: Scroll            |       |     8 |     7 |     9 |     9 ||    33
       Potion            |       |       |       |     1 |     5 ||     6
 Stab: Distracted        |       |       |       |     2 |     1 ||     3
       Petrified         |       |       |       |       |     2 ||     2
  Eat: Chunk             |     1 |     7 |    24 |    26 |    23 ||    81
       Bread ration      |       |       |     2 |       |       ||     2
       Beef jerky        |       |       |       |       |     8 ||     8
       Pizza             |       |       |       |       |     4 ||     4
       Royal jelly       |       |       |       |       |     2 ||     2

Notes
Turn   | Place    | Note
--------------------------------------------------------------
     0 | D:1      | Duffy the Centaur Gladiator began the quest for the Orb.
     0 | D:1      | Reached XP level 1. HP: 17/17 MP: 1/1
   279 | D:1      | Reached skill level 3 in Long Blades
   545 | D:1      | Reached XP level 2. HP: 24/24 MP: 2/2
  1430 | D:3      | Reached XP level 3. HP: 27/29 MP: 3/3
  1597 | D:3      | Found a glowing drain.
  1615 | D:3      | Reached skill level 4 in Long Blades
  1618 | Sewer    | Entered a sewer
  1814 | Sewer    | Noticed a big kobold
  1833 | Sewer    | Killed a big kobold
  1833 | Sewer    | Reached XP level 4. HP: 18/36 MP: 4/4
  2031 | Sewer    | Reached skill level 5 in Long Blades
  2131 | Sewer    | Reached XP level 5. HP: 35/41 MP: 5/5
  2461 | Sewer    | Reached skill level 6 in Long Blades
  2461 | Sewer    | Reached XP level 6. HP: 43/48 MP: 6/6
  3134 | D:2      | Noticed Robin
  3180 | D:2      | Killed Robin
  3430 | D:3      | Reached skill level 7 in Long Blades
  4005 | D:4      | Reached XP level 7. HP: 52/55 MP: 7/7
  4455 | D:4      | Reached skill level 8 in Long Blades
  4456 | D:4      | Noticed Duffy's ghost (novice NaFE)
  4707 | D:5      | Entered Level 5 of the Dungeon
  5387 | D:5      | Found a staircase to the Ecumenical Temple.
  5392 | Temple   | Entered the Ecumenical Temple
  5886 | D:5      | Reached skill level 3 in Fighting
  5995 | D:5      | Reached XP level 8. HP: 30/66 MP: 8/8
  6279 | D:6      | Noticed Prince Ribbit
  6287 | D:6      | Noticed Grinder
  6287 | D:6      | Paralysed by Grinder for 7 turns
  6502 | D:6      | Reached skill level 4 in Fighting
  6511 | D:6      | Noticed Dowan
  6513 | D:6      | Noticed Duvessa
  6686 | D:6      | Killed Dowan
  6784 | D:6      | Killed Duvessa
  6784 | D:6      | Reached skill level 9 in Long Blades
  7156 | D:6      | Reached skill level 5 in Fighting
  7669 | D:6      | Killed Prince Ribbit
  7948 | D:6      | Reached skill level 6 in Fighting
  8004 | D:6      | Reached XP level 9. HP: 61/75 MP: 9/9
  8246 | D:7      | Reached skill level 10 in Long Blades
  8326 | D:7      | Reached skill level 7 in Fighting
  8793 | D:7      | Found a blossoming altar of Fedhas.
  8798 | D:7      | Found a shattered altar of Ashenzari.
  8798 | D:7      | Found a shadowy altar of Dithmenos.
  8811 | D:7      | Found a burning altar of Makhleb.
  8815 | D:7      | Found an ancient bone altar of Kikubaaqudgha.
  8905 | D:7      | Became a worshipper of Makhleb the Destroyer
  9064 | D:7      | Reached skill level 3 in Dodging
  9655 | D:7      | Reached * piety under Makhleb
  9670 | D:7      | Reached skill level 4 in Dodging
 10161 | D:8      | Reached skill level 1 in Invocations
 10222 | D:8      | Reached XP level 10. HP: 81/86 MP: 9/11
 10499 | D:9      | Reached skill level 11 in Long Blades
 10506 | D:8      | Reached ** piety under Makhleb
 10703 | D:9      | Noticed Uberwunderbarhen's ghost (novice OpTm)
 10812 | D:8      | Reached skill level 2 in Invocations
 10848 | D:9      | Killed Uberwunderbarhen's ghost
 10848 | D:9      | Reached skill level 3 in Invocations
 11044 | D:9      | Reached skill level 4 in Invocations
 12075 | D:9      | Reached skill level 8 in Fighting
 12080 | D:9      | Reached *** piety under Makhleb
 12103 | D:9      | Found a staircase to the Orcish Mines.
 12180 | D:10     | Entered Level 10 of the Dungeon
 12180 | D:10     | Noticed a hill giant
 12219 | D:9      | Killed a hill giant
 12281 | D:9      | Reached skill level 12 in Long Blades
 12558 | D:10     | Noticed Grum
 12584 | D:10     | Killed Grum
 12793 | D:10     | Noticed Fannar
 13139 | D:10     | Noticed a purple ugly thing
 13349 | D:10     | Reached skill level 9 in Fighting
 13427 | D:11     | Found a shadowy altar of Dithmenos.
 13427 | D:11     | Noticed a hill giant
 13427 | D:11     | Noticed a six-headed hydra
 13548 | D:10     | Killed a nine-headed hydra
 13548 | D:10     | Reached skill level 4 in Throwing
 13548 | D:10     | Reached XP level 11. HP: 70/97 MP: 14/14
 13780 | D:10     | Killed a hill giant
 13950 | D:11     | Noticed a seven-headed hydra
 14564 | D:11     | Noticed a centaur warrior
 14581 | D:11     | Killed a centaur warrior
 14581 | D:11     | Reached skill level 5 in Throwing
 14614 | D:11     | Reached **** piety under Makhleb
 14743 | D:11     | Reached skill level 6 in Throwing
 14944 | D:11     | Noticed a hill giant
 14963 | D:11     | Killed a hill giant
 15225 | D:11     | Reached skill level 13 in Long Blades
 15225 | D:11     | Reached skill level 7 in Throwing
 15227 | D:11     | Noticed Harold
 15499 | D:11     | Killed Harold
 15532 | D:11     | Noticed Urug
 15801 | D:11     | Killed Urug
 15939 | D:11     | Reached skill level 8 in Throwing
 15948 | D:11     | Reached ***** piety under Makhleb
 16109 | D:11     | Found a staircase to the Lair.
 16297 | D:11     | Reached XP level 12. HP: 90/104 MP: 15/15
 16835 | D:12     | Found a bloodstained altar of Trog.
 16851 | D:12     | Reached skill level 9 in Throwing
 17019 | D:12     | Got a smoking copper ring
 17433 | Lair:1   | Entered Level 1 of the Lair of Beasts
 17517 | Lair:1   | Noticed Joseph
 17539 | Lair:1   | Killed Joseph
 17788 | Lair:1   | Reached skill level 14 in Long Blades
 17832 | Lair:1   | Reached ****** piety under Makhleb
 17832 | Lair:1   | Reached skill level 10 in Throwing
 18109 | Lair:1   | Noticed Erica
 18138 | Lair:1   | Killed Erica
 18138 | Lair:1   | Reached skill level 5 in Invocations
 19025 | Lair:2   | Reached skill level 6 in Invocations
 19431 | Lair:2   | Learned a level 1 spell: Apportation
 19434 | Lair:2   | Learned a level 2 spell: Blink
 19439 | Lair:2   | Learned a level 4 spell: Passage of Golubria
 19443 | Lair:2   | Learned a level 3 spell: Portal Projectile
 19780 | Lair:3   | Reached skill level 1 in Armour
 20158 | Lair:3   | Reached skill level 2 in Armour
 20455 | Lair:3   | Reached skill level 5 in Dodging
 20583 | Lair:3   | Found a staircase to the Shoals.
 21157 | Lair:3   | Reached skill level 3 in Armour
 21157 | Lair:3   | Reached XP level 13. HP: 64/111 MP: 17/17
 22151 | Lair:4   | Reached skill level 4 in Armour
 22162 | Lair:4   | Reached skill level 6 in Dodging
 23037 | Lair:5   | Found a hole to the Spider Nest.
 23162 | Lair:5   | Noticed Kirke
 23660 | D:13     | Noticed Duffy's ghost (adept NaFE)
 23692 | D:12     | Reached skill level 5 in Armour
 24592 | D:13     | Reached skill level 7 in Dodging
 25426 | D:12     | Reached skill level 6 in Armour
 26055 | D:13     | Found a gate to the Vaults.
 27093 | D:14     | Reached skill level 8 in Dodging
 27141 | D:14     | Identified the ring of the Firefly {rElec rN+ MP+9 Dex+4 Slay-5} (You found it on level 12 of the Dungeon)
 27405 | D:13     | Reached XP level 14. HP: 96/118 MP: 18/18
 27804 | D:10     | Killed Fannar
 28044 | Orc:1    | Entered Level 1 of the Orcish Mines
 28232 | Orc:2    | Noticed an orc warlord
 28612 | Lair:6   | Reached skill level 7 in Armour
 28879 | Lair:6   | Found a staircase to the Slime Pits.
 28879 | Lair:6   | Found a viscous altar of Jiyva.
 30018 | Lair:7   | Found an iron altar of Okawaru.
 30122 | Lair:7   | Noticed Josephine
 30146 | Lair:7   | Killed Josephine
 30261 | Lair:7   | Reached skill level 9 in Dodging
 30326 | Lair:7   | Reached skill level 8 in Armour
 30498 | Lair:7   | Reached skill level 1 in Evocations
 30654 | Lair:7   | Reached skill level 2 in Evocations
 30915 | Lair:7   | Reached skill level 3 in Evocations
 31663 | Lair:8   | Entered Level 8 of the Lair of Beasts
 31685 | Lair:8   | Reached skill level 4 in Evocations
 31987 | Lair:8   | Reached skill level 5 in Evocations
 32480 | Lair:8   | Noticed Nessos
 33006 | Lair:8   | Reached skill level 6 in Evocations
 33058 | Lair:8   | Killed Nessos
 33234 | Lair:7   | Reached skill level 7 in Evocations
 33791 | Lair:8   | Reached skill level 8 in Evocations
 33791 | Lair:8   | Reached XP level 15. HP: 57/124 MP: 19/21
 34073 | Lair:8   | Reached skill level 10 in Fighting
 35348 | Lair:8   | Reached skill level 11 in Fighting
 35657 | Lair:8   | Got a dazzling centaur barding
 35668 | Lair:8   | Identified the +0 centaur barding of the Hills {rPois MR- Str+10} (You found it on level 8 of the Lair of Beasts)
 35668 | Lair:8   | Quit the game

Vault maps used:
D:1:      mrwooster_arrival_statue_2, grunt_decor_resistance, st_stairs_8
D:2:      kennysheep_goblin_castle, serial_glass, glass_columns_a,
          glass_columns_b, glass_columns_c, glass_columns_c, glass_columns_b,
          glass_columns_a, glass_columns_c, glass_columns_b
D:3:      portal_sewer_entry_f, eino_tiny_chamber
D:5:      temple_doors_b, first_bread
D:6:      grunt_temple_overflow_opulence, water_boxes_lemuel, uniq_duvessa,
          uniq_grinder, uniq_prince_ribbit1
D:7:      old_forge, minmay_overflow_temple_star_hex, the_bakery, minivault_24
D:8:      kennysheep_generic_room_10
D:9:      hiddenorc1_lemuel, minmay_misc_feat_tiny
D:10:     uniq_fannar, uniq_grum
D:11:     erik_lair_dragon, spider_trap, grunt_dithmenos_smoke, uniq_harold,
          uniq_urug
D:12:     trog_ov_bears_minmay
D:13:     david_vaults_2, nicolae_trove_entry_crossroad
D:14:     minmay_misc_feat_square
Temple:   circular_temple_12
Lair:1:   uniq_joseph, uniq_erica
Lair:2:   patterned_corridor, grunt_megastairs_2, lemuel_fruit_tree
Lair:3:   cheibrodos_magma_flow, minmay_shoals_entry_beasts, special_room
Lair:5:   dummy_spider_entry, uniq_kirke
Lair:6:   wad_woods_structure_01, slime_altar_1
Lair:7:   beast_lair_carwin_large_1, basic_altar, uniq_josephine
Lair:8:   evilmike_catoblepas_cave, grunt_megastairs_4, bh_autumn_forest_stairs,
          uniq_nessos
Orc:2:    uniq_nergalle
Sewer:    sewer_co_tree

Vanquished Creatures
  Nessos Josephine Fannar Harold
  3 hydras
  3 centaur warriors Erica
  3 catoblepae
  22 death yaks
  An anaconda
  A tengu warrior Urug
  The ghost of Uberwunderbarhen the Changer, a novice OpTm of Qazlal
  2 unseen horrors
  8 hill giants
  A wizard
  An orb spider (shapeshifter)
  An anubis guard (shapeshifter)
  A griffon
  An ugly thing
  10 black mambas
  A hornet (shapeshifter)
  10 elephants
  11 spiny frogs
  A manticore
  A guardian serpent (shapeshifter)
  Joseph
  2 molten gargoyles
  A torpor snail
  A gargoyle
  4 kobold demonologists
  2 fire drakes
  A komodo dragon (shapeshifter)
  12 komodo dragons
  4 trolls
  A wolf spider simulacrum
  A queen bee
  2 polar bears
  A slime creature Prince Ribbit
  24 blink frogs
  A spriggan
  A shadow
  3 wyverns
  A vampire
  4 hogs
  A basilisk (shapeshifter)
  2 hungry ghosts
  2 basilisks
  44 yaks Grum
  2 deep elf magi
  A vampire mosquito
  11 hippogriffs
  5 wraiths
  3 mottled dragons
  11 wolves
  25 water moccasins Duvessa
  2 phantoms
  5 ice beasts
  A swamp drake
  3 black bears
  11 porcupines
  A necrophage
  7 orc warriors
  An eye of draining
  2 wasps
  15 crocodiles
  8 centaurs
  8 ogres
  8 big kobolds
  20 giant frogs
  A brain worm
  A wyvern zombie
  A wyvern skeleton Dowan
  43 killer bees
  11 scorpions
  3 wights
  5 lava snakes
  2 quasits
  2 electric eels
  5 hounds
  A giant frog zombie
  6 crimson imps
  3 jellies
  3 centaur zombies
  7 giant frog skeletons
  7 orc priests
  5 centaur skeletons
  11 orc wizards
  15 iguanas
  6 worker ants
  38 sheep
  A hound skeleton Robin
  3 gnolls
  76 river rats
  14 adders
  3 shadow imps
  2 oozes
  An adder zombie
  4 worms
  6 giant geckos
  57 orcs
  7 ball pythons
  8 bats
  7 giant cockroaches
  7 hobgoblins
  12 jackals
  23 kobolds
  7 quokkas
  A giant gecko zombie
  3 giant newts
  21 goblins
  A jackal skeleton
  2 quokka skeletons
  6 rats
  A bush
  14 fungi
  10 plants
833 creatures vanquished.
